 Dungeon Crawl Stone Soup version 0.17-a0-1450-g7e755d1 (webtiles) character file.

89 Sirial the Ducker (level 4, 0/42 HPs)
             Began as a Deep Dwarf Warper on June 30, 2015.
             Succumbed to a gnoll's poison
             ... on level 2 of the Dungeon.
             The game lasted 00:05:03 (983 turns).

Sirial the Ducker (Deep Dwarf Warper)                Turns: 983, Time: 00:05:03

Health: 0/42       AC:  3    Str: 15    XL:     4   Next: 31%
Magic:  6/6        EV: 13    Int: 14    God:
Gold:   59         SH:  0    Dex: 12    Spells: 1 memorised, 5 levels left

rFire  + . .     SeeInvis .     l - +2 dagger (drain)
rCold  . . .     Clarity  .     b - +0 leather armour
rNeg   . . .     SustAt   .     (no shield)
rPois  .         Gourm    .     (no helmet)
rElec  .         Spirit   .     (no cloak)
rCorr  .         Warding  .     (no gloves)
rMut   .         Stasis   .     (no boots)
MR     .....                    (no amulet)
Stlth  +.........               (no ring)
                                (no ring)

@: lethally poisoned (0 -> -2), non-regenerating, not resistant to hostile
enchantments, very unstealthy
A: damage resistance, recharge devices, fangs 1, fire resistance 1, sense
surroundings 1, robust 1, slow healing 3
a: Device Recharging


You were on level 2 of the Dungeon.
You were not hungry.

You visited 1 branch of the dungeon, and saw 2 of its levels.

You collected 59 gold pieces.

Inventory:

Hand weapons
 a - a +0 short sword
 l - a +2 dagger of draining (weapon)
 r - a +0 flail of protection
Missiles
 e - 5 tomahawks of dispersal (quivered)
 s - 6 curare-tipped needles
Armour
 b - a +0 leather armour (worn)
Jewellery
 q - an uncursed ring of sustain attributes {unknown}
Magical devices
 f - a wand of heal wounds (5)
Scrolls
 d - a scroll of blinking
 i - a scroll of immolation
 k - a scroll of remove curse
 n - a scroll of magic mapping
Books
 c - a book of Spatial Translocations

   Spells                             Type                      Level
   a - Apportation                    Translocation                1
   b - Blink                          Translocation                2
   c - Shroud of Golubria             Charms/Translocation         2
   d - Portal Projectile              Translocation                3
   e - Teleport Other                 Translocation                3
   f - Passage of Golubria            Translocation                4
Comestibles
 j - a meat ration
 m - a slice of pizza


   Skills:
 + Level 2.2 Fighting
 + Level 2.3 Short Blades
 + Level 0.8 Throwing
 + Level 2.1 Armour
 + Level 3.5 Dodging
 + Level 0.3 Stealth
 + Level 1.9 Spellcasting
 + Level 3.4 Translocations


You had 5 spell levels left.
You knew the following spells:

 Your Spells              Type           Power        Failure   Level  Hunger
a - Apportation           Tloc           ##........   10%         1    ##.....


Dungeon Overview and Level Annotations

Branches:
Dungeon (2/15)

Altars:


Innate Abilities, Weirdness & Mutations

You are resistant to damage.
You can recharge devices by infusing magical energy.
You passively map a small area around you.
You do not heal naturally.
You have very sharp teeth.
Your flesh is heat resistant.
You are robust (+10% HP).


Message History

The gnoll is lightly wounded.
* * * LOW HITPOINT WARNING * * *
You feel sick.
You barely miss the gnoll. Your bite misses the gnoll.
The gnoll is lightly wounded.
* * * LOW HITPOINT WARNING * * *
You feel sick.
The gnoll hits you with a spear of venom.
* * * LOW HITPOINT WARNING * * *
You hit the gnoll.
The gnoll is moderately wounded.
* * * LOW HITPOINT WARNING * * *
You feel sick. The gnoll closely misses you.
You hit the gnoll. You drain the gnoll!
The gnoll is heavily wounded.
* * * LOW HITPOINT WARNING * * *
You feel sick. The gnoll barely misses you.
You completely miss the gnoll.
The gnoll is heavily wounded.
You die...

#.# *,**,,*,*,****,*+**,* #.#
*,**,,*,#...,,,*,**,* **** #.#
*,**,,*,#..#****,**,* *,,, #.#
*,*,,,,,....,,,,,**,****,** #.#
*,*******..#****,**,,,,,,,, #.#
*,,,,,,,,..#************,**
#.#########****#.#*,,,,,,,,,,,,,,
#.........# #g#*,**********,**
#########.# #@#*,* *,,,,,*
####......# #†#*,* *,*****
.....#.#### #.#*,* *,*
####.#.#########.#*,******,**
#.#...........#*,,,,,,,,,*
#.###########.#*,********* ###
###***


You could see a gnoll.

Vanquished Creatures
  4 gnolls (D:2)
  An adder (D:2)
  2 oozes (D:1)
  2 giant geckos (D:1)
  3 bats (D:1)
  3 giant cockroaches
  3 hobgoblins
  4 kobolds
  2 giant newts
  4 goblins (D:1)
  5 jackals
  4 rats
37 creatures vanquished.

Notes
Turn   | Place    | Note
--------------------------------------------------------------
     0 | D:1      | Sirial the Deep Dwarf Warper began the quest for the Orb.
     0 | D:1      | Reached XP level 1. HP: 19/19 MP: 3/3
   138 | D:1      | Reached XP level 2. HP: 17/26 MP: 4/4
   388 | D:1      | Reached XP level 3. HP: 14/32 MP: 5/5
   828 | D:2      | Gained mutation: You are robust (+10% HP). [potion of mutation]
   828 | D:2      | Gained mutation: You have very sharp teeth. [potion of mutation]
   828 | D:2      | Gained mutation: Your flesh is heat resistant. [potion of mutation]
   952 | D:2      | Reached XP level 4. HP: 24/42 MP: 6/6
   982 | D:2      | HP: 2/42 [poisoned by a gnoll]
   983 | D:2      | Succumbed to a gnoll's poison

Vault maps used:
D:1:      dpeg_arrival_round_c
D:2:      kennysheep_big_flooded_room

Action                   |  1- 3 |  4- 6 || total
-------------------------+-------+-------++-------
Melee: Short sword       |    77 |       ||    77
       Dagger            |    70 |    20 ||    90
  Use: Scroll            |     4 |       ||     4
       Potion            |     3 |       ||     3
  Eat: Bread ration      |     1 |       ||     1
